 Dungeon Crawl Stone Soup version 0.22.0-49-gab54619674 (webtiles) character file.

96 JedernureinKreuz the Conjurer (level 4, 0/32 HPs)
             Began as a Gnoll Conjurer on Sept 8, 2018.
             Slain by an adder (4 damage)
             ... on level 4 of the Dungeon.
             The game lasted 00:07:11 (1519 turns).

JedernureinKreuz the Conjurer (Gnoll Conjurer)      Turns: 1519, Time: 00:07:12

Health: 0/32       AC:  4    Str: 11    XL:     4   Next: 67%
Magic:  6/11       EV: 14    Int: 18    God:
Gold:   51         SH:  0    Dex: 15    Spells: 12/13 levels left

rFire    x . .     SeeInvis .   i - +0 short sword
rCold    + . .     Gourm    .   (no shield)
rNeg     . . .     Faith    .   r - +0 leather armour
rPois    .         Spirit   .   (no helmet)
rElec    .         Reflect  .   s - +0 cloak
rCorr    .         Harm     .   (no gloves)
MR       .....                  (no boots)
Stlth    ++........             (no amulet)
HPRegen  0.10/turn              g - ring of ice
MPRegen  0.12/turn              (no ring)

@: lethally poisoned (0 -> -6)
A: distributed training, fangs 1, strong nose
a: no special abilities


You were on level 4 of the Dungeon.
You were not hungry.

You visited 1 branch of the dungeon, and saw 4 of its levels.

You collected 51 gold pieces.

Inventory:

Hand Weapons
 b - a +0 club
 h - a +0 dagger
 i - a +0 short sword (weapon)
 k - a +0 spear
Missiles
 d - 96 stones (quivered)
 e - 11 poisoned needles
 m - 5 needles of paralysis
Armour
 a - a +0 robe
 r - a +0 leather armour (worn)
 s - a +0 cloak (worn)
Jewellery
 g - a ring of ice (left hand)
Scrolls
 j - 3 scrolls of enchant armour {unknown}
 l - 3 scrolls of remove curse {unknown}
 n - a scroll of fog {unknown}
 q - a scroll of magic mapping {unknown}
Potions
 f - a potion of invisibility {unknown}
 o - a potion of heal wounds {unknown}
Comestibles
 c - 2 rations
 p - 4 chunks of flesh


   Skills:
 + Level 1.2 Fighting
 + Level 1.2 Short Blades
 + Level 1.2 Long Blades
 + Level 1.2 Axes
 + Level 1.2 Maces & Flails
 + Level 1.2 Polearms
 + Level 1.2 Staves
 + Level 1.2 Slings
 + Level 1.2 Bows
 + Level 1.2 Crossbows
 + Level 1.2 Throwing
 + Level 1.2 Armour
 + Level 4.6 Dodging
 + Level 4.3 Stealth
 + Level 1.2 Shields
 + Level 1.2 Unarmed Combat
 + Level 5.1 Spellcasting
 + Level 7.1 Conjurations
 + Level 1.0 Hexes
 + Level 1.0 Charms
 + Level 1.0 Summonings
 + Level 1.0 Necromancy
 + Level 1.0 Translocations
 + Level 1.0 Transmutations
 + Level 1.0 Fire Magic
 + Level 1.0 Ice Magic
 + Level 1.0 Air Magic
 + Level 1.0 Earth Magic
 + Level 1.0 Poison Magic
 + Level 1.3 Invocations
 + Level 1.2 Evocations


You had 12 spell levels left.
You knew the following spells:

 Your Spells              Type           Power        Failure   Level  Hunger
a - Magic Dart            Conj           ####         1%          1    None

Your spell library contained the following spells:

 Spells                   Type           Power        Failure   Level  Hunger
 Searing Ray              Conj           ####..       1%          2    #......
 Iskenderun's Mystic Bla  Conj           ####....     9%          4    ####...
 Dazzling Spray           Conj/Hex       ###...       10%         3    ##.....
 Force Lance              Conj/Tloc      ###.....     32%         4    ####...
 Fulminant Prism          Conj/Hex       ###.......   32%         4    ####...


Dungeon Overview and Level Annotations

Branches:
Dungeon (4/15)
 Temple: D:4-7

Altars:

Annotations:
D:3 Sigmund


Innate Abilities, Weirdness & Mutations

Your experience applies equally to all skills.
You have very sharp teeth.
Your uncanny sense of smell can sniff out nearby items.


Message History

You feel sick. The adder misses you. The adder bites you but does no damage.
Casting: Magic Dart (safe; 1% risk of failure)
Confirm with . or Enter, or press ? or * to list all spells.
Aiming: Magic Dart (safe; 1% risk of failure)
Press: ? - help, Shift-Dir - straight line, f/p - adder
Aim: an adder (almost dead)
The magic dart hits the adder.
You kill the adder!
Your Hexes skill increases to level 1!
Your Charms skill increases to level 1!
Your Summonings skill increases to level 1!
Your Necromancy skill increases to level 1!
Your Translocations skill increases to level 1!
Your Transmutations skill increases to level 1!
Your Fire Magic skill increases to level 1!
Your Ice Magic skill increases to level 1!
Your Air Magic skill increases to level 1!
Your Earth Magic skill increases to level 1!
Your Poison Magic skill increases to level 1!
The adder bites you.
You die...

.# #. .
.# #. .
#. .#
#. .#
#. .#
#. .#
#. .#
#. .#
#. .#.
.#
#.#.#.#
#†@S#
#.#.#.#
#. .#.
.# #.
.# #.
.# #.
.# #.
.# #.
.# #.
.# . .#
#. . .#
#.


You could see an adder.

Vanquished Creatures
  An orc wizard (D:3)
  2 adders
  A shadow imp (D:3)
  A worm (D:2)
  7 orcs (D:3)
  5 bats
  3 giant cockroaches (D:1)
  3 goblins
  3 hobgoblins
  A quokka (D:3)
  A frilled lizard (D:3)
  5 kobolds
  A rat (D:2)
34 creatures vanquished.

Notes
Turn   | Place    | Note
-------+----------+-------------------------------------------
     0 | D:1      | JedernureinKreuz the Gnoll Conjurer began the quest for the
                  | Orb.
     0 | D:1      | Reached XP level 1. HP: 13/13 MP: 6/6
   284 | D:1      | Reached XP level 2. HP: 19/19 MP: 7/7
   842 | D:2      | Reached skill level 5 in Spellcasting
   842 | D:2      | Reached XP level 3. HP: 12/25 MP: 1/9
  1121 | D:2      | You fall through a shaft!
  1130 | D:3      | Reached skill level 1 in Invocations
  1241 | D:3      | Reached skill level 1 in Fighting
  1241 | D:3      | Reached skill level 1 in Short Blades
  1241 | D:3      | Reached skill level 1 in Long Blades
  1241 | D:3      | Reached skill level 1 in Axes
  1241 | D:3      | Reached skill level 1 in Maces & Flails
  1241 | D:3      | Reached skill level 1 in Polearms
  1241 | D:3      | Reached skill level 1 in Staves
  1241 | D:3      | Reached skill level 1 in Slings
  1241 | D:3      | Reached skill level 1 in Bows
  1241 | D:3      | Reached skill level 1 in Crossbows
  1241 | D:3      | Reached skill level 1 in Throwing
  1241 | D:3      | Reached skill level 1 in Armour
  1241 | D:3      | Reached skill level 1 in Shields
  1241 | D:3      | Reached skill level 1 in Unarmed Combat
  1241 | D:3      | Reached skill level 1 in Evocations
  1313 | D:3      | Reached XP level 4. HP: 21/32 MP: 3/11
  1469 | D:3      | Noticed Sigmund
  1519 | D:4      | Reached skill level 1 in Hexes
  1519 | D:4      | Reached skill level 1 in Charms
  1519 | D:4      | Reached skill level 1 in Summonings
  1519 | D:4      | Reached skill level 1 in Necromancy
  1519 | D:4      | Reached skill level 1 in Translocations
  1519 | D:4      | Reached skill level 1 in Transmutations
  1519 | D:4      | Reached skill level 1 in Fire Magic
  1519 | D:4      | Reached skill level 1 in Ice Magic
  1519 | D:4      | Reached skill level 1 in Air Magic
  1519 | D:4      | Reached skill level 1 in Earth Magic
  1519 | D:4      | Reached skill level 1 in Poison Magic
  1519 | D:4      | Slain by an adder

Skill      XL: |  1  2  3  4 |
---------------+-------------+-----
Spellcasting   | 5 |  5.1
Invocations    | 1 |  1.3
Fighting       | 1 |  1.2
Short Blades   | 1 |  1.2
Long Blades    | 1 |  1.2
Axes           | 1 |  1.2
Maces & Flails | 1 |  1.2
Polearms       | 1 |  1.2
Staves         | 1 |  1.2
Slings         | 1 |  1.2
Bows           | 1 |  1.2
Crossbows      | 1 |  1.2
Throwing       | 1 |  1.2
Armour         | 1 |  1.2
Shields        | 1 |  1.2
Unarmed Combat | 1 |  1.2
Evocations     | 1 |  1.2
Hexes          | 1 |  1.0
Charms         | 1 |  1.0
Summonings     | 1 |  1.0
Necromancy     | 1 |  1.0
Translocations | 1 |  1.0
Transmutations | 1 |  1.0
Fire Magic     | 1 |  1.0
Ice Magic      | 1 |  1.0
Air Magic      | 1 |  1.0
Earth Magic    | 1 |  1.0
Poison Magic   | 1 |  1.0
Dodging        | |  4.6
Stealth        | |  4.3
Conjurations   | |  7.1

Action                   |  1- 3 |  4- 6 || total
-------------------------+-------+-------++-------
Melee: Dagger            |     1 |       ||     1
       Short sword       |    16 |     2 ||    18
       Bite              |     1 |     1 ||     2
       Punch             |     1 |       ||     1
 Cast: Magic Dart        |    47 |     9 ||    56
 Stab: Sleeping          |     3 |       ||     3
  Eat: Chunk             |     1 |     1 ||     2
Armor: Robe              |     2 |       ||     2
       Leather armour    |       |    22 ||    22
Dodge: Dodged            |    17 |    43 ||    60
